General information
			
			
        
        - name: 1v1 obs with crueljustice
 
        - type: Custom game
 
        - host: GODIEPLZ
 
        - saver: GODIEPLZ
 
        
map: TwistedMeadows 
        - players: 6
 
        - length: 16:48
 
        - speed: Fast
 - version: 1.22 W3XP
 - replay type:  Public
 
» download(146 KB)
Players
        team 1 (loser) 
              
              
GODIEPLZ (
pink | 156 APM | 2626 actions | 16:48)
              
 4 Blademaster 
 2 Wind Walk
 2 Critical Strike
 3 Shadow Hunter 
 2 Hex
 1 Healing Wave
 
                » actions 
                
                | Assign group hotkey | 28 |  | 
| Basic commands | 150 |  | 
| Build / train | 52 |  | 
| ESC pressed | 1 |  | 
| Enter build submenu | 13 |  | 
| Enter hero's abilities submenu | 7 |  | 
| Give item / drop item | 1 |  | 
| Right click | 1484 |  | 
| Select / deselect | 454 |  | 
| Select group hotkey | 381 |  | 
| Use ability | 55 |  | 
                2626 total
 » units 
                
                | Peon | 10 |  | 
| Grunt | 9 |  | 
| Raider | 2 |  | 
| Troll Batrider | 3 |  | 
| Wind Rider | 4 |  | 
                28 total
 » upgrades
                
                | Ensnare | 1 |  | 
| Berserker Strength | 1 |  | 
| Envenomed Spears | 1 |  | 
                3 total
 » buildings
                
                | Altar of Storms | 1 |  | 
| Orc Burrow | 4 |  | 
| Barracks | 1 |  | 
| Voodoo Lounge | 1 |  | 
| Stronghold | 1 |  | 
| War Mill | 1 |  | 
| Beastiary | 2 |  | 
| Spirit Lodge | 1 |  | 
| Fortress | 1 |  | 
| Great Hall | 1 |  | 
| Tauren Totem | 1 |  | 
                15 total
 » build order
                00:04 Altar of Storms
00:10 Orc Burrow
00:38 Barracks
01:27 Orc Burrow
01:49 Voodoo Lounge
03:29 Stronghold
03:48 Orc Burrow
05:01 War Mill
06:16 Beastiary
06:38 Spirit Lodge
06:40 Orc Burrow
09:16 Fortress
11:18 Great Hall
15:24 Beastiary
15:26 Tauren Totem
» items
                
                | Boots of Speed | 1 |  | 
| Lesser Clarity Potion | 4 |  | 
| Healing Salve | 1 |  | 
| Orb of Lightning | 1 |  | 
| Potion of Healing | 1 |  | 
| Scroll of Protection | 1 |  | 
| Scroll of Town Portal | 1 |  | 
                10 total
  
               team 2 (winner) 
              
              
IPRACTICE2SUCK (
blue | 262 APM | 4401 actions | 16:48)
              
 3 Death Knight 
 2 Death Coil
 1 Unholy Aura
 3 Lich 
 1 Frost Armor
 2 Frost Nova
 
                » actions 
                
                | Assign group hotkey | 56 |  | 
| Basic commands | 116 |  | 
| Build / train | 63 |  | 
| Enter build submenu | 19 |  | 
| Enter hero's abilities submenu | 6 |  | 
| Give item / drop item | 6 |  | 
| Remove unit from queue | 1 |  | 
| Right click | 1857 |  | 
| Select / deselect | 514 |  | 
| Select group hotkey | 1651 |  | 
| Use ability | 112 |  | 
                4401 total
 » units 
                
                | Acolyte | 5 |  | 
| Ghoul | 19 |  | 
| Obsidian Statue | 3 |  | 
| Crypt Fiend | 3 |  | 
                30 total
 » upgrades
                
                | Ghoul Frenzy | 1 |  | 
| Destroyer Form | 1 |  | 
| Web | 1 |  | 
| Unholy Strength | 1 |  | 
| Creature Attack | 1 |  | 
                5 total
 » buildings
                
                | Crypt | 2 |  | 
| Altar of Darkness | 1 |  | 
| Ziggurat | 6 |  | 
| Tomb of Relics | 2 |  | 
| Nerubian Tower | 1 |  | 
| Halls of the Dead | 3 |  | 
| Graveyard | 1 |  | 
| Black Citadel | 1 |  | 
| Slaughterhouse | 1 |  | 
| Sacrificial Pit | 1 |  | 
                19 total
 » build order
                00:06 Crypt
00:08 Altar of Darkness
00:24 Ziggurat
01:03 Tomb of Relics
01:37 Ziggurat
02:26 Nerubian Tower
03:27 Halls of the Dead
03:28 Halls of the Dead
03:28 Halls of the Dead
04:34 Graveyard
04:37 Ziggurat
05:42 Tomb of Relics
06:08 Black Citadel
06:15 Crypt
06:17 Slaughterhouse
08:04 Ziggurat
11:07 Sacrificial Pit
14:49 Ziggurat
14:49 Ziggurat
» items
                
                | Rod of Necromancy | 2 |  | 
| Dust of Appearance | 1 |  | 
| Orb of Corruption | 1 |  | 
| Potion of Healing | 2 |  | 
| Scroll of Healing | 1 |  | 
| Potion of Lesser Invulnerability | 1 |  | 
                8 total
  
               observerslumberboi, 
Salvation, 
FURIOUSARMY, 
ghetto.Mouse Chat log
          (00:22 / All) GODIEPLZ: gl hf crueljustice
(00:27 / All) IPRACTICE2SUCK: glgl talons
(00:34 / All) IPRACTICE2SUCK: wasted<
(00:36 / All) IPRACTICE2SUCK: :D
(00:48 / All) GODIEPLZ: Beating my meat furiously
(00:49 / All) GODIEPLZ: <
(01:21 / All) IPRACTICE2SUCK: i found out
(01:26 / All) IPRACTICE2SUCK: how to make my girl squirt
(01:32 / All) GODIEPLZ: finally
(01:45 / All) GODIEPLZ: U not man yet
(01:54 / All) IPRACTICE2SUCK: sorry roger u tiget now
(04:28 / All) IPRACTICE2SUCK: so alg
(16:42 / All) GODIEPLZ: gg
(16:45 / All) IPRACTICE2SUCK: Gg